 Dungeon Crawl Stone Soup version 0.32-a0-391-gce5c0aa (webtiles) character file.

Game seed: 10068488450496036521

3424744 jagoly the Black Lotus (level 27, 156/156 HPs)
             Began as a Vine Stalker Warper on Feb 19, 2024.
             Was a High Priest of Nemelex Xobeh.
             Escaped with the Orb
             ... and 5 runes
             ... and 2 gems (0 intact)!
             The game lasted 06:50:59 (67811 turns).

jagoly the Black Lotus (Vine Stalker Warper)       Turns: 67811, Time: 06:50:59

Health: 156/156    AC: 30    Str: 19    XL:     27
Magic:  41/41      EV: 25    Int: 15    God:    Nemelex Xobeh [*****.]
Gold:   4102       SH: 21    Dex: 28    Spells: 29/34 levels left

rFire   + + .        a - +9 demon blade (flame)
rCold   + + +        E - +5 kite shield
rNeg    + . .        q - +9 ice dragon scales
rPois   +            o - +0 helmet "Zuowai" {Int+2 Dex+2}
rElec   +            O - scarf {repulsion}
rCorr   +            V - -1 pair of gloves of the Constellations {rF+ rN+ rCorr}
SInv    +            g - +2 pair of boots {Fly}
Will    ++++.        m - amulet of Reimbursement {Faith Rampage Regen+}
Stlth   ++           w - ring "Ikusy" {Wiz rPois rC+ Will+ Slay+3}
HPRegen 2.06/turn    j - ring "Ishruywn" {rF++ Str+3 SInv}
MPRegen 0.27/turn

%: repel missiles, guardian spirit, rampage, faith, wizardry (x1)
@: flying, studying 2 skills
A: fangs 3, regeneration 1, magic shield, antimagic bite, no potion heal 2,
electricity resistance
0: Orb of Zot
}: 5/15 runes: decaying, serpentine, slimy, silver, abyssal
a: Renounce Religion, Draw Escape, Draw Destruction, Draw Summoning, Draw Stack,
Triple Draw, Deal Four, Stack Five


You escaped.
You worshipped Nemelex Xobeh.
Nemelex Xobeh was extremely pleased with you.
You visited 11 branches of the dungeon, and saw 55 of its levels.
You visited the Abyss 3 times.
You visited 1 ziggurat, and saw 6 of its levels.

You collected 8956 gold pieces.
You spent 4854 gold pieces at shops.

Inventory:

Hand Weapons
 a - a +9 demon blade of flaming (weapon)
 b - a +5 scimitar of holy wrath
 L - a +2 demon whip of electrocution
Missiles
 d - 5 darts of dispersal
 e - 2 throwing nets
 M - 10 curare-tipped darts
 P - 12 boomerangs (quivered)
 Y - 7 silver javelins
Armour
 g - a +2 pair of boots of flying (worn)
 o - the +0 helmet "Zuowai" (worn) {Int+2 Dex+2}
   (You found it on level 5 of the Pits of Slime)

   Int+2:     It affects your intelligence (+2).
   Dex+2:     It affects your dexterity (+2).
 q - +9 ice dragon scales (worn)
 E - a +5 kite shield (worn)
 O - a scarf of repulsion (worn)
 V - the -1 pair of gloves of the Constellations (worn) {rF+ rN+ rCorr}
   (You found it on level 2 of the Lair of Beasts)

   rF+:       It protects you from fire.
   rN+:       It protects you from negative energy.
   rCorr:     It protects you from acid and corrosion.
Jewellery
 j - the ring "Ishruywn" (right hand) {rF++ Str+3 SInv}
   (You found it on level 2 of the Vaults)

   [ring of see invisible]

   Str+3:     It affects your strength (+3).
   rF++:      It greatly protects you from fire.
   SInv:      It lets you see invisible.
 m - the amulet of Reimbursement (around neck) {Faith Rampage Regen+}
   (You found it on level 5 of the Pits of Slime)

   [amulet of faith]

   Faith:     It allows you to gain divine favour quickly.
   Regen+:    It increases your rate of health regeneration.
   Rampage:   It bestows one free step when moving towards enemies.
 w - the ring "Ikusy" (left hand) {Wiz rPois rC+ Will+ Slay+3}
   (You found it on level 5 of a ziggurat)

   [ring of wizardry]

   Wiz:       It improves your spell success rate.
   Slay+3:    It affects your accuracy & damage with ranged weapons and melee
   (+3).
   rC+:       It protects you from cold.
   rPois:     It protects you from poison Will+: It increases your willpower.
 W - the ring of Lust {rElec rPois AC+4 Str+3}
   (You found it on level 4 of the Lair of Beasts)

   [ring of protection]

   AC+4:      It affects your AC (+4).
   Str+3:     It affects your strength (+3).
   rElec:     It insulates you from electricity.
   rPois:     It protects you from poison
Wands
 x - a wand of charming (73)
 G - a wand of roots (42)
 N - a wand of digging (22)
 S - a wand of quicksilver (26)
 U - a wand of mindburst (52)
Scrolls
 c - 8 scrolls of blinking
 f - 4 scrolls of enchant weapon
 h - 9 scrolls of fear
 n - 3 scrolls of butterflies
 u - 9 scrolls of poison
 y - 6 scrolls of revelation
 z - 6 scrolls of vulnerability
 A - 22 scrolls of teleportation
 B - a scroll of brand weapon
 F - 5 scrolls of silence
 J - 15 scrolls of immolation
 Q - 9 scrolls of fog
Potions
 i - 5 potions of brilliance
 k - 8 potions of berserk rage
 l - 9 potions of enlightenment
 p - 8 potions of haste
 r - 14 potions of mutation
 s - 5 potions of invisibility
 v - 4 potions of ambrosia
 C - 9 potions of magic
 D - 22 potions of curing
 H - 7 potions of might
 R - 5 potions of resistance
 X - a potion of cancellation
Miscellaneous
 t - a lightning rod (4/4)
 I - a condenser vane
 T - a sack of spiders
 Z - a phial of floods


   Skills:
 - Level 20.0 Fighting
 - Level 14.0 Long Blades
 - Level 6.0 Throwing
 - Level 16.0 Armour
 + Level 17.9 Dodging
 - Level 12.0 Stealth
 - Level 16.0 Shields
 - Level 4.0 Spellcasting
 - Level 8.0 Translocations
 O Level 27 Invocations
 - Level 8.0 Evocations


You had 29 spell levels left.
You knew the following spells:

 Your Spells              Type           Power      Damage    Failure   Level
b - Lesser Beckoning      Tloc           54%        N/A       1%          2
q - Apportation           Tloc           54%        N/A       1%          1
B - Blink                 Tloc           54%        N/A       1%          2

Your spell library contained the following spells:

 Spells                   Type           Power      Damage    Failure   Level
 Gell's Gravitas          Tloc           27%        N/A       3%          3
 Teleport Other           Tloc           27%        N/A       3%          3
 Momentum Strike          Conj/Tloc      30%        3d8       9%          2
 Manifold Assault         Tloc           27%        N/A       11%         4
 Volatile Blastmotes      Fire/Tloc      30%        2d12      16%         3
 Foxfire                  Conj/Fire      12%        2x1d4     26%         1
 Freeze                   Ice            12%        1d3       26%         1
 Kiss of Death            Conj/Necr      12%        2d6       26%         1
 Magic Dart               Conj           12%        1d3       26%         1
 Necrotise                Necr           12%        1d4       26%         1
 Slow                     Hex            12%        N/A       26%         1
 Sting                    Conj/Alch      12%        1d3       26%         1
 Summon Small Mammal      Summ           12%        N/A       26%         1
 Call Imp                 Summ           6%         N/A       38%         2
 Cigotuvi's Dreadful Rot  Necr/Alch/Air  6%         N/A       38%         2
 Ensorcelled Hibernation  Hex/Ice        6%         N/A       38%         2
 Jinxbite                 Hex            6%         N/A       38%         2
 Mercury Vapours          Alch/Air       6%         N/A       38%         2
 Searing Ray              Conj           6%         2d4       38%         2
 Static Discharge         Conj/Air       6%         3-4/arc   38%         2
 Sublimation of Blood     Necr           3%         N/A       38%         2
 Dimensional Bullseye     Hex/Tloc       7%         N/A       45%         4
 Iskenderun's Mystic Bla  Conj/Tloc      15%        2d5       45%         4
 Vhi's Electric Charge    Tloc/Air       30%        N/A       45%         4
 Call Canine Familiar     Summ           3%         N/A       58%         3
 Confusing Touch          Hex            3%         N/A       58%         3
 Dazzling Flash           Conj/Hex       6%         N/A       58%         3
 Frozen Ramparts          Ice            6%         1d1       58%         3
 Hailstorm                Conj/Ice       3%         3d5       58%         3
 Mephitic Cloud           Conj/Alch/Air  3%         N/A       58%         3
 Passwall                 Erth           3%         N/A       58%         3
 Sigil of Binding         Hex            3%         N/A       58%         3
 Stone Arrow              Conj/Erth      6%         3d7       58%         3
 Swiftness                Air            3%         N/A       58%         3
 Vampiric Draining        Necr           3%         2d6       58%         3
 Summon Forest            Summ/Tloc      7%         N/A       78%         5
 Dispersal                Tloc           13%        N/A       80%         6
 Airstrike                Air            1%         2d(1-17)  92%         4
 Animate Armour           Summ/Erth      6%         N/A       92%         4
 Brom's Barrelling Bould  Conj/Erth      3%         2d3       92%         4
 Cause Fear               Hex            1%         N/A       92%         4
 Dispel Undead            Necr           3%         3d7       92%         4
 Fulminant Prism          Conj/Alch      1%         3d5       92%         4
 Ignite Poison            Fire/Alch      3%         N/A       92%         4
 Leda's Liquefaction      Alch/Erth      1%         N/A       92%         4
 Martyr's Knell           Necr/Summ      3%         N/A       92%         4
 Olgreb's Toxic Radiance  Alch           3%         N/A       92%         4
 Petrify                  Alch/Erth      3%         N/A       92%         4
 Sticky Flame             Fire/Alch      3%         2d4       92%         4
 Summon Blazeheart Golem  Fire/Summ      3%         N/A       92%         4
 Summon Lightning Spire   Summ/Air       3%         N/A       92%         4
 Arcjolt                  Conj/Air       1%         1d11      99%         5
 Borgnjor's Vile Clutch   Necr/Erth      1%         N/A       99%         5
 Curse of Agony           Necr           3%         N/A       99%         5
 Fireball                 Conj/Fire      1%         3d3       99%         5
 Freezing Cloud           Conj/Ice/Air   1%         6-21      99%         5
 Iskenderun's Battlesphe  Conj           3%         2d6       99%         5
 Lee's Rapid Deconstruct  Erth           1%         3d4*      99%         5
 Metabolic Englaciation   Hex/Ice        1%         N/A       99%         5
 Summon Mana Viper        Hex/Summ       3%         N/A       99%         5
 Yara's Violent Unravell  Hex/Alch       1%         3d3       99%         5
 Bombard                  Conj/Erth      1%         9d1       100%        6
 Conjure Ball Lightning   Conj/Air       1%         3x3d6     100%        6
 Death Channel            Necr           1%         N/A       100%        6
 Eringya's Noxious Bog    Alch           1%         4d6       100%        6
 Plasma Beam              Fire/Air       1%         2x1d11    100%        6
 Sculpt Simulacrum        Ice/Alch       1%         N/A       100%        6
 Starburst                Conj/Fire      1%         6d3       100%        6
 Enfeeble                 Hex            1%         N/A       100%        7
 Haunt                    Necr/Summ      1%         N/A       100%        7
 Orb of Destruction       Conj           1%         9d5       100%        7
 Ozocubu's Refrigeration  Ice            1%         4d7       100%        7
 Spellforged Servitor     Conj/Summ      1%         N/A       100%        7
 Summon Hydra             Summ           1%         N/A       100%        7
 Borgnjor's Revivificati  Necr           1%         N/A       100%        8
 Discord                  Hex            1%         N/A       100%        8
 Ignition                 Fire           1%         3d3       100%        8
 Infestation              Necr           1%         N/A       100%        8
 Lehudib's Crystal Spear  Conj/Erth      1%         10d2      100%        8
 Death's Door             Necr           1%         N/A       100%        9
 Dragon's Call            Summ           1%         N/A       100%        9
 Polar Vortex             Ice            1%         N/A       100%        9


Dungeon Overview and Level Annotations

Branches:
Dungeon (15/15)            Temple (0/1) D:6            Lair (5/5) D:8
  Swamp (4/4) Lair:2        Snake (4/4) Lair:2        Slime (5/5) Lair:5
    Orc (2/2) D:11            Elf (3/3) Orc:2        Vaults (5/5) D:13
  Crypt (3/3) Vaults:3       Tomb (0/3) Crypt:3      Depths (4/4) D:15
    Zot (5/5) Depths:4

Altars:
Cheibriados
Dithmenos
Elyvilon
Gozag
Hepliaklqana
Kikubaaqudgha
Makhleb
Nemelex Xobeh
Okawaru
Qazlal
Sif Muna
Trog
Uskayaw
Vehumet
Wu Jian
Xom
Yredelemnul
Zin
Beogh
Jiyva

Shops:
D:5 [   D:6 =   D:9 *   D:15 *   Orc:2 *[[*   Snake:1 *   Snake:2 !   Snake:4 =
Vaults:3 [?*:(

Portals:
Hell: Depths:1 Depths:2 Depths:3 Depths:4
Abyss: Depths:3
Pandemonium: Depths:2
Trove: Elf:3 (give +7 demon whip)

Annotations:
Swamp:4 Roxanne
Elf:2 3 runed translucent doors
Crypt:1 3 runed translucent doors, Fainec's ghost, veteran GrEE
Depths:3 exclusion: 2 orange crystal statues
Zot:5 6 transporters, 2 exclusions


Innate Abilities, Weirdness & Mutations

You have razor-sharp teeth.
Your natural rate of healing is unusually fast.
When hurt, damage is shared between your health and your magic reserves.
Your bite disrupts and absorbs the magic of your enemies.
Potions cannot restore your health.
You are resistant to electric shocks. (rElec)


Message History

You have dealt Vitriol.
Press: ? - help, Shift-Dir - straight line, f/p - Orb Guardian
Aim: an Orb Guardian (almost dead, covered in acid)
The bolt of acid hits the Orb Guardian!!!
The Orb Guardian seems to be corroded for longer.
You kill the Orb Guardian!
The bolt of acid hits the Orb Guardian!!
The Orb Guardian is almost dead.
The bolt of acid hits the Orb Guardian!!!
The Orb Guardian seems to be corroded for longer.
You kill the Orb Guardian!
You deal a card...
You have dealt Wild Magic.
The Orb Guardian is caught in an explosion of flying shrapnel.
The Orb Guardian rots away!
The Orb Guardian is drained!
Magic surges out from the Orb Guardian.
The Orb Guardian seems to slow down.
Frost covers the Orb Guardian's body!
Sparks of electricity dance between the Orb Guardian's tentacles!!
The golden dragon seems to dim momentarily!!
The golden dragon is drained!
The Orb Guardian is blasted with cinnabar dust.
The Orb Guardian looks as sick as possible!
Heat is drained from the tentacled monstrosity!
The tentacled monstrosity resists.
The Orb Guardian's body glows momentarily.
The Orb Guardian seems to slow down.
The Orb Guardian is caught in an explosion of flying shrapnel.
The Orb Guardian is briefly showered in sparks!
The air around the Orb Guardian crackles with energy.
The Orb Guardian seems to slow down.
You feel a surge of magic.
You feel your power returning.
You deal a card...
You have dealt Wild Magic.
The Orb Guardian emits a flash of light.
The Orb Guardian lurches violently!!
You kill the Orb Guardian!
The Orb Guardian rots away.
The Orb Guardian is drained!
The Orb Guardian lurches violently!!
The golden dragon is covered in a thin layer of ice.
The golden dragon resists.
The Orb Guardian starts coughing violently.
The Orb Guardian looks as sick as possible!
The Orb Guardian convulses with pain!!
The Orb Guardian is drained!
Sparks of electricity dance between the Orb Guardian's tentacles!
The Orb Guardian twitches violently!
The Orb Guardian is drained!
The Orb Guardian twitches.
The Orb Guardian seems to slow down.
You feel a surge of magic.
You deal a card...
You have dealt Pain.
Press: ? - help, Shift-Dir - straight line The bolt of negative energy misses the Orb Guardian. x2
The bolt of negative energy hits the Orb Guardian!!
The Orb Guardian is drained!
The Orb Guardian is heavily wounded.
The bolt of negative energy hits the Orb Guardian!!!
The Orb Guardian is drained!
You kill the Orb Guardian!
You block the Orb Guardian's attack. The Orb Guardian hits you.
You block the tentacled monstrosity's attack.
The tentacled monstrosity tentacle-slaps you.
You block the tentacled monstrosity's attack.
The tentacled monstrosity grabs you.
The tentacled monstrosity constricts you.
The Orb Guardian hits you!! The golden dragon misses you.
The golden dragon completely misses you. x2
As you read the scroll of butterflies, it crumbles to dust.
You hear the flapping of tiny wings.
The Orb Guardian is knocked back by the sudden gust.
The tentacled monstrosity loses its grip on you.
The tentacled monstrosity is knocked back by the sudden gust.
The Orb Guardian is knocked back by the sudden gust. x3
The golden dragon is knocked back by the sudden gust.
The Orb Guardian is knocked back by the sudden gust. x3
The Orb Guardian misses your butterfly.
A Killer Klown comes into view.
It is wielding a +12 club of electrocution.
The Orb Guardian barely misses your butterfly.
The Orb Guardian hits your butterfly!!
Your butterfly dies!
Your butterfly disappears in a burst of colours!
The Orb Guardian hits your butterfly!!
Your butterfly dies!
Your butterfly disappears in a burst of colours!
The Orb Guardian completely misses your butterfly.
The Orb Guardian misses your butterfly.
The golden dragon barely misses your butterfly. x2
The golden dragon tramples your butterfly!
Your butterfly holds its ground!
Your butterfly dies!
Your butterfly disappears in a burst of colours!
The Orb Guardian hits your butterfly!!!
Your butterfly dies!
Your butterfly disappears in a burst of colours!
The Orb Guardian closely misses your butterfly.
The Orb Guardian hits your butterfly.
Your butterfly dies!
Your butterfly disappears in a burst of colours!
The Orb Guardian hits your butterfly!
Your butterfly dies!
Your butterfly disappears in a burst of colours!
The Orb Guardian hits your butterfly!!
Your butterfly dies!
Your butterfly disappears in a burst of colours!
The Killer Klown blinks!
The Orb Guardian hits your butterfly!!
Your butterfly dies!
Your butterfly disappears in a burst of colours!
The Orb Guardian hits your butterfly!!!
Your butterfly dies!
Your butterfly disappears in a burst of colours!
The Orb Guardian hits your butterfly!
Your butterfly dies!
Your butterfly disappears in a burst of colours!
The Orb Guardian hits your butterfly!
Your butterfly dies!
Your butterfly disappears in a burst of colours!
The tentacled monstrosity tentacle-slaps your butterfly!!
Your butterfly dies!
Your butterfly disappears in a burst of colours!
The Orb Guardian is no longer covered in acid.
An electric golem comes into view.
The Orb Guardian hits your butterfly!
Your butterfly dies!
Your butterfly disappears in a burst of colours!
The Orb Guardian misses your butterfly. The Orb Guardian hits your butterfly!!
Your butterfly dies!
Your butterfly disappears in a burst of colours!
The Orb Guardian hits your butterfly!!!
Your butterfly dies!
Your butterfly disappears in a burst of colours!
The electric golem moves out of view.
Unknown command.
Your surroundings suddenly seem different.
You feel your willpower return.
Unknown command.
Unknown command.
There is an escape hatch in the ceiling here.
A mysterious force pulls you upwards. The hatch slams shut behind you.
What level of the Dungeon? (default 15, ? - help)
Your extra speed is starting to run out.
HP restored.
You feel yourself slow down.
There is a stone staircase leading up here.
You fly upwards.
There is a stone staircase leading down here.
Your enlightenment fades.
Items here: ))))) [ ÷÷÷.
You flicker for a moment.
Magic restored.
Things that are here:
a +0 glaive; a black draconian skeleton You see here a +0 trident of venom.
You flicker back into view.
There is a stone staircase leading up here.
You fly upwards.
There is a stone staircase leading down here.
You start to feel less resistant.
Magic restored.
There is an open door here.
A cherub comes into view. It is wielding a +2 flail of flaming.
You rampage towards the cherub!
You slash the cherub! You burn the cherub. You bite the cherub!!
You drain its power.
The cherub is heavily wounded.
You closely miss the cherub. You bite the cherub, but do no damage.
The cherub is heavily wounded.
You block the cherub's attack. x2
The cherub blocks your attack.
Your bite misses the cherub.
The cherub is heavily wounded.
The cherub hits you with a +2 flail of flaming.
You block the cherub's attack.
You carve the cherub like a ham!!! You burn the cherub.
You kill the cherub!
No target in view!
No target in view!
No target in view!
What level of the Dungeon? (default 1, ? - help)
Your resistance to elements expires.
Items here: )) [[.
You feel a little less mighty now.
Things that are here:
a +0 trident; a green draconian skeleton
Things that are here:
a +1 cloak; a green draconian skeleton
Items here: )))) [[[ ÷÷÷÷÷.
There is an open door, spattered with blood here.
Things that are here:
a +0 short sword; a doom hound skeleton
There is a stone staircase leading up here.
You fly upwards.
There is a stone staircase leading down, spattered with blood here.
There is an open door here.
You see here a +0 long sword.
A hell beast comes into view.
There is an open door here.
A toenail golem comes into view.
The hell beast attacks as it pursues you!
You block the hell beast's attack. x2
You slice the hell beast!! You burn the hell beast. You bite the hell beast!
You drain its power.
The hell beast is moderately wounded.
You block the hell beast's attack.
The hell beast tramples you but does no damage.
You miss the hell beast. You bite the hell beast!! You drain its power.
The hell beast is heavily wounded.
The hell beast bites you but does no damage.
The hell beast tramples you but does no damage.
You slice the hell beast!! You burn the hell beast!
You bite the hell beast, but do no damage.
The hell beast is almost dead.
You block the hell beast's attack. x2
You slice the hell beast!! You burn the hell beast.
You kill the hell beast!
There is a gate leading back out of this place here.
You fly up through the gate.
Welcome back to the Depths!
There is a gate to the Realm of Zot here.
What level of the Dungeon? (default 1, ? - help)
There is an open door here.
There is a stone staircase leading up here.
You fly upwards.
Level annotation: exclusion: 2 orange crystal statues
There is a stone staircase leading down, spattered with blood here.
There is a stone staircase leading up here.
You fly upwards.
There is a stone staircase leading down here.
There is an open door here.
There is a stone staircase leading up here.
You fly upwards.
An Orb Guardian comes into view.
There is a stone staircase leading down here.
You chop the Orb Guardian into pieces!!!
You burn the Orb Guardian. You bite the Orb Guardian. You drain its power.
The Orb Guardian is heavily wounded.
You block the Orb Guardian's attack.
You hit the Orb Guardian but do no damage.
You bite the Orb Guardian, but do no damage.
The Orb Guardian is heavily wounded.
The Orb Guardian hits you!
You hit the Orb Guardian but do no damage.
Your bite misses the Orb Guardian.
The Orb Guardian is heavily wounded.
You block the Orb Guardian's attack.
You slice the Orb Guardian!! You burn the Orb Guardian!
You bite the Orb Guardian!
You kill the Orb Guardian!
No target in view!
No target in view!
No target in view!
Okay, then.
What level of the Dungeon? (default 1, ? - help) HP restored.
There is a stone staircase leading down here.
There is an open door here.
Items here: )))) [[.
A sun demon comes into view.
The sun demon shouts!
A balrug and a sun demon come into view.
The balrug is wielding a +0 demon whip of venom.
The balrug shouts!
The sun demon shouts!
You rampage towards the sun demon!
You block the sun demon's attack.
You hit the sun demon but do no damage. You bite the sun demon!
You drain its power.
You feel invigorated.
The sun demon is lightly wounded.
The sun demon barely misses you. The balrug gestures at you.
The bolt of fire misses the sun demon.
The bolt of fire misses you. You block the sun demon's attack.
You slash the sun demon! You bite the sun demon. You drain its power.
The sun demon is heavily wounded.
You block the sun demon's attack. x2
You slice the sun demon!! Your bite misses the sun demon.
The sun demon is almost dead.
You hit the sun demon. Your bite misses the sun demon.
The sun demon is almost dead.
You block the sun demon's attack. x2
You slice the sun demon!!
You kill the sun demon!
You block the sun demon's attack.
You slice the balrug!! You bite the balrug!
The balrug's magic leaks into the air.
You drain its magic.
The balrug is moderately wounded.
You block the balrug's attack. The sun demon hits you!
You are engulfed in flames.
You resist.
You hit the balrug. Your bite misses the balrug.
The balrug is moderately wounded.
The balrug barely misses you. You block the sun demon's attack.
You hit the balrug but do no damage. Your bite misses the balrug.
The balrug is moderately wounded.
You slice the balrug!! You bite the balrug.
The balrug's magic leaks into the air.
You drain its magic.
You feel invigorated.
The balrug is severely wounded.
The balrug falters for a moment.
You block the sun demon's attack.
You hit the balrug. Your bite misses the balrug.
The balrug is severely wounded.
You block the balrug's attack. You block the sun demon's attack.
You slash the balrug! You bite the balrug, but do no damage.
The balrug is almost dead.
The balrug falters for a moment.
You slice the balrug!!
You kill the balrug!
You block the sun demon's attack.
You chop the sun demon into pieces!!! You bite the sun demon!
You drain its power.
The sun demon is almost dead.
The sun demon hits you but does no damage.
You completely miss the sun demon. You bite the sun demon!
You kill the sun demon!
No target in view!
No target in view!
No target in view!
No target in view!
No target in view!
No target in view!
What level of the Dungeon? (default 1, ? - help)
A lorocyproca comes into view.
You block the lorocyproca's attack.
You closely miss the lorocyproca. You bite the lorocyproca!
You drain its power.
The lorocyproca is lightly wounded.
You slash the lorocyproca! Your bite misses the lorocyproca.
The lorocyproca is moderately wounded.
You block the lorocyproca's attack.
You slice the lorocyproca!! You burn the lorocyproca. You bite the lorocyproca!
You drain its power.
The lorocyproca is almost dead.
The lorocyproca hits you but does no damage.
You barely miss the lorocyproca. You bite the lorocyproca! You drain its power.
The lorocyproca is almost dead.
You completely miss the lorocyproca. You bite the lorocyproca.
You kill the lorocyproca!
No target in view!
There is a staircase back to the Dungeon here.
You fly upwards.
Welcome back to the Dungeon!
There is a staircase to the Depths here.
What level of the Dungeon? (default 1, ? - help)
There is an open door here.
There is an open door here.
Items here: ) [[ ÷.
Things that are here:
a +0 scimitar; a +0 halberd You see here a +0 flail.
The death knight shouts!
The bat changes into a goblin!
The goblin changes into a hobgoblin!
The giant cockroach changes into a jackal!
The hobgoblin changes into a goblin!
The jackal changes into a bat!
There is a stone staircase leading up here.
You fly upwards.
There is a stone staircase leading down here.
There is a stone staircase leading up here.
You fly upwards.
There is a stone staircase leading down here.
Things that are here:
a +0 pair of gloves; a manticore skeleton
Things that are here:
a +0 robe; a +0 dagger; a kobold skeleton
There is a stone staircase leading up, spattered with blood here.
You fly upwards.
There is a stone staircase leading down here.
There is an open door here.
There is a stone staircase leading up, spattered with blood here.
You fly upwards.
There is a stone staircase leading down, spattered with blood here.
There is a stone staircase leading up here.
You fly upwards.
There is a stone staircase leading down here.
There is a stone staircase leading up, spattered with blood here.
You fly upwards.
There is a stone staircase leading down here.
A chaos spawn comes into view.
You block the chaos spawn's attack.
You carve the chaos spawn like a ham!!! You burn the chaos spawn!
You kill the chaos spawn!
The chaos spawn degenerates into a cloud of primal chaos!
No target in view!
There is a stone staircase leading up here.
You fly upwards.
There is a stone staircase leading down here.
What level of the Dungeon? (default 1, ? - help)
There is an open door here.
Items here: ))))) [[[[ ÷÷÷÷÷÷÷.
There is a stone staircase leading up here.
You fly upwards.
There is a stone staircase leading down here.
A seraph and 2 angels come into view.
The seraph is wielding a +8 great sword of flaming.
An angel is wielding a +1 whip of holy wrath.
An angel is wielding a +1 whip of holy wrath.
There is an open door here.
As you read the scroll of teleportation, it crumbles to dust.
You feel strangely unstable.
You feel the Orb delaying your translocation!
The angel shouts! x2
The seraph gestures.
The seraph begins to accept its allies' injuries.
There is a stone staircase leading down here.
The seraph shouts a warning to its allies!
You block the angel's attack. x2
The angel attacks as it pursues you! The angel hits you but does no damage.
You block the angel's attack. x3
The angel attacks as it pursues you!
The angel hits you with a +1 whip of holy wrath.
The angel hits you but does no damage.
The seraph gestures.
The seraph begins to accept its allies' injuries.
You block the angel's attack. x2
Your surroundings suddenly seem different.
HP restored.
Magic restored.
There is a stone staircase leading up here.
Unknown command.
You fly upwards.
There is a stone staircase leading down here.
What level of the Dungeon? (default 7, ? - help) Pigreinogi comes into view.
It is armed with a chaotic touch.
Press: ? - help, v - describe, . - travel
Here: Pigreinogi, armed with a chaotic touch The floor.
Press: ? - help, v - describe, . - travel
Here: Pigreinogi, armed with a chaotic touch The floor.
Unknown command.
You feel yourself speed up.
Things that are here:
a +0 short sword; a +0 whip; a kobold skeleton Blink to where?
Press: ? - help, Dir - move target
As you read the scroll of blinking, it crumbles to dust.
You fly upwards.
There is a stone staircase leading down here.
What level of the Dungeon? (default 1, ? - help)
Things that are here:
a +0 leather armour; a +0 club You see here an iguana skeleton.
There is a stone staircase leading up here.
You fly upwards.
There is a stone staircase leading down here.
A great orb of eyes comes into view.
Things that are here:
a +0 mace; an orc skeleton You see here a jackal skeleton.
You slash the great orb of eyes! You burn the great orb of eyes.
You bite the great orb of eyes!!
The great orb of eyes's magic leaks into the air.
You drain its magic.
The great orb of eyes is severely wounded.
You barely miss the great orb of eyes. You bite the great orb of eyes.
The great orb of eyes's magic leaks into the air.
You drain its magic.
The great orb of eyes is severely wounded.
You slice the great orb of eyes!! You burn the great orb of eyes!
You kill the great orb of eyes!
There is a stone staircase leading up here.
You fly upwards.
There is a stone staircase leading down here.
What level of the Dungeon? (default 1, ? - help)
There is a stone staircase leading up here.
Your extra speed is starting to run out.
You fly upwards.
There is a stone staircase leading down here.
You feel yourself slow down.
An Orb Guardian comes into view.
You rampage towards the Orb Guardian!
You rampage towards the Orb Guardian!
You closely miss the Orb Guardian. You bite the Orb Guardian.
You drain its power.
The Orb Guardian is lightly wounded.
The Orb Guardian hits you.
You hit the Orb Guardian. You burn the Orb Guardian.
You bite the Orb Guardian!! You drain its power.
You feel invigorated.
The Orb Guardian is moderately wounded.
The Orb Guardian hits you but does no damage.
You hit the Orb Guardian but do no damage.
You bite the Orb Guardian! You drain its power.
The Orb Guardian is heavily wounded.
You block the Orb Guardian's attack.
You barely miss the Orb Guardian. You bite the Orb Guardian.
You drain its power.
The Orb Guardian is heavily wounded.
The Orb Guardian hits you!!
You hit the Orb Guardian but do no damage.
You bite the Orb Guardian, but do no damage.
The Orb Guardian is heavily wounded.
The Orb Guardian hits you!
You slash the Orb Guardian! You burn the Orb Guardian.
Your bite misses the Orb Guardian.
The Orb Guardian is severely wounded.
The Orb Guardian completely misses you.
You hit the Orb Guardian but do no damage.
You bite the Orb Guardian, but do no damage.
The Orb Guardian is severely wounded.
You slice the Orb Guardian like a ripe choko!!!
You burn the Orb Guardian!
You kill the Orb Guardian!
No target in view!
What level of the Dungeon? (default 1, ? - help)
You reach down and open the door.
There is an open door here.
HP restored.
There is a stone staircase leading up here.
Magic restored.
You fly upwards.
There is a stone staircase leading down here.
You see here a jackal skeleton.
Magic restored.
There is a staircase leading out of the dungeon here.
You have escaped!

##### #...# #...# #...#
#...#### #......# ###########
##...##.# #.........#
#.....#.########'#####.#.#
#.....#.#@.............#.#
#.....#.######.......###.#
#...#.#.# #####..#..## #..
#####...#.#.# #...##...#####.#
#.......#.#.# #>...##.####...#
#.......#.#.# #.#...#####..###
#.......'.#.###.#......÷..##
#.......###.....#.#...#######
#....)..........#.#.........##


There were no monsters in sight!

Vanquished Creatures
  the Royal Jelly (Slime:5)
  Dissolution (Slime:3)
  2 dread liches (Vaults:5)
  An ancient lich (Crypt:3)
  A juggernaut (Depths:4)
  A Killer Klown (Zig:4)
  Boris (twice) (Depths:1 Depths:3)
  5 caustic shrikes
  A curse toe (Zot:5)
  Saint Roka (Elf:3)
  A profane servitor (Abyss:4)
  7 golden dragons
  The ghost of Pawaof the Spry, a veteran KoBe of Uskayaw (Vaults:2)
  2 bone dragons
  2 doom hounds
  3 hellephants
  19 tentacled monstrosities
  13 Orb Guardians
  Mlioglotl (Snake:1)
  An Ice Fiend (Depths:3)
  A walking earthen tome (Depths:2)
  3 liches
  7 quicksilver dragons
  7 titans
  Grunn (Zot:2)
  5 sphinxes
  3 deep elf master archers (Elf:3)
  A walking frostbound tome (Depths:1)
  An Executioner (Abyss:3)
  An ancient champion (Crypt:1)
  3 death cobs
  Kirke (Lair:5)
  6 tentacled starspawn
  18 acid blobs
  A thorn hunter (Swamp:4)
  The ghost of Gimbap the Brawler, an adept DrSh of Cheibriados (Swamp:4)
  Aizul (Snake:1)
  13 shadow dragons
  2 tengu reavers
  6 protean progenitors
  6 storm dragons
  A daeva (Abyss:4)
  5 draconian knights
  8 rockslimes (Slime:5)
  9 azure jellies
  3 fenstrider witches (Swamp:4)
  7 nagarajas
  A fenstrider witch (shapeshifter) (Depths:2)
  7 deep elf sorcerers
  4 draconian monks
  24 vault wardens
  5 fire giants
  4 draconian shifters
  An emperor scorpion (Snake:4)
  A balrug (Depths:1)
  A caustic shrike zombie (Crypt:1)
  6 frost giants
  A ghoul (Crypt:3)
  26 ironbound preservers
  Louise (D:15)
  4 draconian scorchers
  6 deep elf elementalists
  7 draconian annihilators
  An orc warlord (Vaults:3)
  A draconian stormcaller (Zot:1)
  2 ghost moths (Zig:6)
  2 reapers
  A curse skull (Crypt:1)
  3 iron dragons
  10 quicksilver oozes
  5 spriggan defenders
  A caustic shrike skeleton (Crypt:3)
  2 formless jellyfish
  12 green draconians
  8 deep elf demonologists
  25 very ugly things
  15 stone giants
  6 deep elf annihilators
  6 vampire knights
  6 ironbound thunderhulks
  6 black draconians
  5 eleionomae
  5 deep elf death magi
  7 war gargoyles
  16 dire elephants
  6 purple draconians
  A lorocyproca (Depths:1)
  9 yellow draconians
  11 spark wasps
  6 white draconians
  13 red draconians
  2 bunyips
  The ghost of Lovepenguin the Mimic, a journeyman DsFi of Trog (Lair:4)
  3 blizzard demons
  4 eidola
  13 ettins
  A merfolk impaler (Depths:3)
  4 crystal guardians
  4 entropy weavers
  4 green deaths
  A merfolk javelineer (Depths:3)
  3 jiangshi
  Josephine (D:12)
  A quicksilver dragon zombie (Crypt:3)
  3 rakshasas
  A hell beast (Zot:1)
  4 fire dragons
  5 deep elf high priests
  18 great orbs of eyes
  11 yaktaur captains
  A peacekeeper (Vaults:4)
  3 salamander tyrants (Snake:4)
  10 catoblepae
  A fenstrider witch zombie (Crypt:1)
  39 vault guards
  An alligator snapping turtle (shapeshifter) (Zig:4)
  16 hydras
  2 spriggan air magi
  3 ghost crabs
  A sphinx zombie (Crypt:1)
  9 alligators
  2 jorogumos (Zot:1)
  5 ogre magi
  6 boulder beetles
  12 ice dragons
  7 ironbound frosthearts
  10 anacondas
  8 centaur warriors
  17 two-headed ogres
  2 death knights
  2 two-headed ogres (shapeshifter) (Vaults:5)
  A torpor snail (shapeshifter) (Vaults:5)
  13 death yaks
  A fenstrider witch skeleton (Crypt:1)
  18 dancing weapons
  4 deep troll earth magi
  5 tengu warriors
  7 deep troll shamans
  2 vampire magi
  3 satyrs
  10 naga warriors
  2 orc high priests (Orc:2)
  9 hell hogs (Depths:4)
  A demonic crawler (Zig:3)
  6 spriggan berserkers
  9 thrashing horrors
  4 iron trolls (Depths:3)
  10 naga sharpshooters
  6 shock serpents
  4 occultists
  A storm dragon zombie (Depths:1)
  8 deep elf knights
  Sonja (D:10)
  3 sun demons
  Nergalle (D:12)
  7 wretched stars
  11 hell knights
  A soul eater (Crypt:1)
  A skyshark (shapeshifter) (Vaults:5)
  8 salamander mystics (Snake:4)
  A pharaoh ant (Zig:6)
  A golden dragon zombie (Crypt:3)
  A storm dragon skeleton (Depths:1)
  28 skeletal warriors
  2 death drakes
  2 fire crabs
  2 goliath frogs
  A mana viper (shapeshifter) (Vaults:5)
  A spatial maelstrom (Abyss:3)
  4 titan skeletons
  5 sixfirhies
  A glowing orange brain (shapeshifter) (Elf:1)
  An orb spider (Zig:3)
  A glowing orange brain (Zig:5)
  3 cherubim
  10 mana vipers
  9 skysharks
  A deep troll (shapeshifter) (Depths:1)
  4 flayed ghosts
  10 naga ritualists
  75 deep trolls
  5 spriggan druids (Swamp:4)
  A tengu zombie (Vaults:1)
  4 arcanists
  5 swamp dragons
  A spriggan rider (Depths:1)
  A death drake (shapeshifter) (Depths:2)
  22 ironbound convokers
  4 orc knights
  Pikel (D:9)
  3 bog bodies (Crypt:3)
  14 necromancers
  13 phantasmal warriors
  A spriggan simulacrum (Crypt:1)
  9 deep elf archers
  4 lindwurms
  A steelbarb worm (shapeshifter) (Vaults:5)
  5 harpies (Vaults:1)
  3 large abominations (Abyss:3)
  An alligator zombie (Crypt:1)
  A goliath frog zombie (Crypt:2)
  21 deep elf pyromancers
  18 deep elf zephyrmancers
  12 orc sorcerers
  A human zombie (Vaults:1)
  A wolf spider (shapeshifter) (Vaults:5)
  A faun (shapeshifter) (Depths:1)
  3 will-o-the-wisps
  4 manticores
  28 ugly things
  3 cyclopes
  A moth of wrath (shapeshifter) (Depths:1)
  26 salamanders
  A goliath frog skeleton (Crypt:2)
  2 worldbinders (Abyss:4)
  2 manticores (shapeshifter)
  A shining eye (Slime:5)
  2 human skeletons
  A wolf spider (Zig:3)
  3 meliai (D:15)
  31 moths of wrath
  8 elephants
  A centaur zombie (Crypt:3)
  3 kobold blastminers
  A dire elephant zombie (Crypt:3)
  An apocalypse crab (Abyss:3)
  6 guardian serpents
  21 naga magi
  20 vault sentinels
  2 gargoyles
  A titan simulacrum (Depths:3)
  33 black mambas
  8 smoke demons
  A dire elephant skeleton (Crypt:3)
  3 orange demons (Swamp:4)
  An eye of devastation (shapeshifter) (Snake:4)
  3 eyes of devastation
  A frost giant skeleton (Vaults:1)
  A hellion (Abyss:3)
  An unseen horror (D:10)
  A swamp worm zombie (Crypt:2)
  A catoblepas zombie (Crypt:2)
  A torpor snail (Zig:6)
  12 cane toads
  39 yaktaurs
  2 efreet (Abyss:4)
  A kobold demonologist (D:13)
  A rime drake (shapeshifter) (Elf:1)
  A black draconian zombie (Crypt:2)
  9 freezing wraiths
  2 golden dragon simulacra (Depths:3)
  Jeremiah (D:8)
  9 komodo dragons
  An ice devil (D:13)
  5 catoblepas skeletons (Abyss:4)
  3 rime drakes
  An anaconda simulacrum (Crypt:1)
  5 tengu conjurers
  A death yak skeleton (Crypt:1)
  7 trolls
  A queen bee (shapeshifter) (D:14)
  3 ancient zymes
  2 harpy zombies (Crypt:3)
  A queen bee (D:13)
  A hellwing (Swamp:4)
  A polar bear (Lair:5)
  10 tyrant leeches
  2 merfolk
  A bloated husk (Swamp:2)
  A troll (shapeshifter) (Elf:1)
  An iron dragon simulacrum (Depths:3)
  12 hornets
  A hydra skeleton (Crypt:3)
  2 harpy skeletons
  8 raiju (Abyss:4)
  30 blink frogs
  Grinder (D:4)
  6 dream sheep
  A death drake skeleton (Crypt:1)
  2 glass eyes (Depths:2)
  A frost giant simulacrum (Depths:3)
  4 water elementals
  A jumping spider (Vaults:2)
  A satyr skeleton (Crypt:2)
  A spriggan (shapeshifter) (Elf:1)
  2 shadows (D:10)
  7 small abominations (Abyss:3)
  57 slime creatures
  4 culicivoras
  An elf zombie (Vaults:5)
  Sigmund (D:5)
  17 spriggans
  6 wyverns
  An ettin skeleton (Crypt:3)
  2 fire elementals
  4 hogs (Lair:5)
  10 wraiths
  7 basilisks
  A human (shapeshifter) (Elf:3)
  A steam dragon (Snake:4)
  57 yaks
  3 wargs
  2 neqoxecs
  A golden eye (shapeshifter) (Elf:1)
  4 golden eyes
  3 redbacks
  21 vampire mosquitoes
  3 humans
  A catoblepas simulacrum (Crypt:1)
  5 chaos spawn
  A spatial vortex (Abyss:3)
  A naga zombie (Crypt:3)
  A swamp worm (shapeshifter) (Snake:4)
  49 nagas
  A glowing shapeshifter zombie (Vaults:5)
  20 swamp worms
  A fire bat skeleton (Crypt:1)
  An acid dragon (D:11)
  20 water moccasins
  A glowing shapeshifter skeleton (Crypt:2)
  6 black bears
  2 sky beasts
  2 swamp drakes
  32 orc warriors
  2 ettin simulacra
  46 laughing skulls
  11 wolves
  23 ogres
  12 centaurs
  3 lemures (D:9)
  A kobold brigand (D:6)
  3 weeping skulls
  4 brain worms
  25 bullfrogs
  A yaktaur zombie (Crypt:2)
  11 earth elementals
  2 scorpions
  14 wights
  6 killer bees (D:8)
  3 howler monkeys
  2 electric eels (Lair:3)
  5 crimson imps
  A human simulacrum (Vaults:5)
  6 hounds
  6 jellies
  A quasit (Abyss:3)
  28 orc priests
  An iron imp (Abyss:3)
  25 starcursed masses
  4 iguanas
  36 orc wizards
  A sleepcap (D:4)
  A deep dwarf zombie (Crypt:1)
  A crocodile zombie (Crypt:1)
  2 gnolls
  3 adders
  A swamp drake skeleton (Crypt:2)
  7 white imps
  An ufetubus (Abyss:4)
  5 dart slugs
  90 orcs
  A bat (D:2)
  An endoplasm (D:3)
  5 giant cockroaches
  9 goblins
  8 hobgoblins
  8 jackals
  5 quokkas
  5 ball pythons
  4 frilled lizards
  12 kobolds
  7 rats
  An aspiring flesh (Zot:5)
  6 starspawn tentacles
2438 creatures vanquished.

Vanquished Creatures (collateral kills)
  A golden dragon (Depths:4)
  Jorgrun (Snake:2)
  An azure jelly (Slime:5)
  An ironbound preserver (Vaults:1)
  An ogre mage (D:10)
  A centaur warrior (Vaults:3)
  A naga warrior (Snake:4)
  3 deep trolls (Vaults:1)
  An arcanist (Vaults:3)
  3 ugly things
  A naga mage (Snake:4)
  4 yaktaurs
  A yak (D:10)
  2 nagas (Snake:4)
  An ice beast (Snake:4)
  2 orc warriors (D:10)
  A centaur (D:10)
  A hound (Snake:4)
  2 gnolls (D:3)
  An orc (D:10)
  A hobgoblin (D:3)
31 creatures vanquished.

Vanquished Creatures (others)
  A fire dragon (Depths:4)
  3 deep elf knights
  A spriggan rider (Depths:1)
  An ironbound convoker (Vaults:3)
  A deep elf pyromancer (Elf:2)
  A necromancer (Depths:1)
  A water elemental (Elf:1)
  A human (Lair:5)
  A naga (Snake:4)
  3 orc wizards (Orc:2)
  An orc (D:6)
  11 foxfires
  8 starspawn tentacles
34 creatures vanquished.

Grand Total: 2503 creatures vanquished

Notes
Turn   | Place    | Note
-------+----------+-------------------------------------------
     0 | D:1      | jagoly the Vine Stalker Warper began the quest for the Orb.
     0 | D:1      | Reached XP level 1. HP: 11/11 MP: 4/4
    41 | D:1      | Reached skill level 1 in Throwing
    43 | D:1      | Reached skill level 1 in Stealth
    72 | D:1      | Reached XP level 2. HP: 15/15 MP: 6/6
   345 | D:1      | Reached XP level 3. HP: 18/18 MP: 5/7
   578 | D:1      | Learned a level 2 spell: Blink
   756 | D:2      | Found a faded altar of an unknown god.
  1343 | D:3      | Reached XP level 4. HP: 23/23 MP: 5/8
  1516 | D:3      | Reached XP level 5. HP: 24/26 MP: 1/9
  1989 | D:3      | Found a snail-covered altar of Cheibriados.
  2223 | D:4      | Reached skill level 5 in Long Blades
  2243 | D:4      | Reached XP level 6. HP: 30/30 MP: 10/10
  2320 | D:4      | Noticed Grinder
  2375 | D:4      | Noticed Sigmund
  2512 | D:4      | Found a hide-covered altar of Uskayaw.
  2512 | D:4      | Noticed a black bear
  2638 | D:4      | Found an iron altar of Okawaru.
  2766 | D:4      | Found a bloodstained altar of Trog.
  2836 | D:4      | Found a white marble altar of Elyvilon.
  2997 | D:4      | Became a worshipper of Elyvilon the Healer
  3147 | D:5      | Entered Level 5 of the Dungeon
  3260 | D:5      | Reached XP level 7. HP: 33/34 MP: 11/11
  3557 | D:5      | Found Jiw Xom's Armour Emporium.
  3725 | D:5      | Found a hazy altar of Hepliaklqana.
  3726 | D:5      | Found a shadowy altar of Dithmenos.
  3726 | D:5      | Noticed a shadow
  3992 | D:6      | Found a sparkling altar of Nemelex Xobeh.
  3998 | D:6      | Fell from the grace of Elyvilon
  3998 | D:6      | Became a worshipper of Nemelex Xobeh the Trickster
  4086 | D:6      | Found a staircase to the Ecumenical Temple.
  4321 | D:6      | Found Leduw's Jewellery Emporium.
  4640 | D:6      | Reached skill level 1 in Armour
  4640 | D:6      | Gained mutation: You have razor-sharp teeth. [Vine Stalker
                  | growth]
  4640 | D:6      | Reached XP level 8. HP: 36/39 MP: 6/12
  4756 | D:6      | Found an ornate altar of the Wu Jian Council.
  4839 | D:6      | Reached * piety under Nemelex Xobeh
  5499 | D:5      | Killed Sigmund
  5507 | D:4      | Killed Grinder
  5625 | D:6      | Reached skill level 1 in Shields
  5787 | D:7      | Reached XP level 9. HP: 40/45 MP: 9/13
  6116 | D:7      | Noticed a hornet
  6244 | D:7      | Noticed a centaur warrior
  6247 | D:7      | Found a basalt altar of Yredelemnul.
  6248 | D:7      | Found an opulent altar of Gozag.
  6250 | D:7      | Found a transporter.
  6250 | D:7      | Noticed a komodo dragon
  6261 | D:7      | Found a transporter.
  6306 | D:7      | Received a gift from Nemelex Xobeh
  6345 | D:7      | Found a shimmering blue altar of Sif Muna.
  6530 | D:7      | Reached ** piety under Nemelex Xobeh
  6851 | D:8      | Found a staircase to the Lair.
  6871 | D:8      | Reached skill level 10 in Long Blades
  7190 | D:7      | Reached XP level 10. HP: 42/49 MP: 10/14
  7727 | D:8      | Found a burning altar of Makhleb.
  7897 | D:8      | Noticed Jeremiah
  7917 | D:8      | Killed Jeremiah
  8842 | D:9      | Noticed Pikel
  8861 | D:9      | Killed Pikel
  8862 | D:9      | Reached XP level 11. HP: 38/53 MP: 10/16
  8986 | D:9      | Found a glowing silver altar of Zin.
  9022 | D:9      | Reached *** piety under Nemelex Xobeh
  9172 | D:9      | Found Juiffat's Assorted Antiques.
  9179 | D:9      | Bought a scroll labelled RUBAAL YNUPE for 31 gold pieces
  9398 | D:10     | Entered Level 10 of the Dungeon
  9542 | D:10     | Noticed Sonja
  9664 | D:10     | Killed Sonja
  9943 | D:10     | Received a gift from Nemelex Xobeh
  9953 | D:10     | Noticed a two-headed ogre
  9974 | D:10     | Killed a two-headed ogre
  9975 | D:10     | Reached skill level 1 in Evocations
 10282 | D:10     | Noticed a tengu warrior
 10309 | D:10     | Killed a tengu warrior
 10310 | D:10     | Reached skill level 5 in Fighting
 10462 | D:10     | Noticed a seven-headed hydra
 10493 | D:10     | Killed a seven-headed hydra
 10655 | D:10     | Noticed an ogre mage
 10668 | D:10     | Killed an ogre mage
 10674 | D:10     | Got Sif Muna's Handbook of Necrotic Location
 10751 | D:10     | Noticed an orc knight
 10856 | D:10     | Noticed a two-headed ogre
 10881 | D:10     | Killed a two-headed ogre
 10973 | D:10     | Noticed a brown ugly thing
 10977 | D:10     | Killed an orc knight
 10982 | D:10     | Killed a brown ugly thing
 10983 | D:10     | Reached skill level 1 in Invocations
 10983 | D:10     | Reached XP level 12. HP: 64/64 MP: 17/17
 10990 | D:10     | Reached skill level 2 in Invocations
 11160 | D:11     | Reached skill level 3 in Invocations
 11227 | D:11     | Noticed a boulder beetle
 11236 | D:11     | Killed a boulder beetle
 11237 | D:11     | Reached skill level 4 in Invocations
 11429 | D:11     | Received a gift from Nemelex Xobeh
 11475 | D:11     | Reached skill level 5 in Translocations
 11628 | D:11     | Found a staircase to the Orcish Mines.
 11720 | D:11     | Reached **** piety under Nemelex Xobeh
 11843 | D:11     | Reached skill level 5 in Shields
 11918 | D:11     | Received a gift from Nemelex Xobeh
 11930 | D:11     | Noticed a two-headed ogre
 11950 | D:11     | Killed a two-headed ogre
 12779 | D:7      | Killed a centaur warrior
 12860 | Lair:1   | Entered Level 1 of the Lair of Beasts
 12895 | Lair:1   | Learned a level 2 spell: Lesser Beckoning
 12946 | Lair:1   | Reached skill level 5 in Invocations
 13072 | Lair:1   | Reached skill level 6 in Invocations
 13137 | Lair:1   | Received a gift from Nemelex Xobeh
 13202 | Lair:1   | Reached XP level 13. HP: 68/68 MP: 18/18
 13243 | Lair:1   | Reached skill level 7 in Invocations
 13718 | Lair:1   | Received a gift from Nemelex Xobeh
 13797 | Lair:2   | Reached skill level 8 in Invocations
 13906 | Lair:2   | Found a transporter.
 14041 | Lair:2   | Reached skill level 9 in Invocations
 14090 | Lair:2   | Received a gift from Nemelex Xobeh
 14095 | Lair:2   | Found a transporter.
 14139 | Lair:2   | Found a staircase to the Snake Pit.
 14203 | Lair:2   | Identified the +1 robe "Qiohyt" {rElec Str+4}
 14418 | Lair:2   | Reached skill level 10 in Invocations
 14438 | Lair:2   | Reached skill level 5 in Stealth
 14648 | Lair:2   | Found a staircase to the Swamp.
 14649 | Lair:2   | Noticed an eleionoma
 14662 | Lair:2   | Killed an eleionoma
 15118 | Lair:3   | Reached ***** piety under Nemelex Xobeh
 15118 | Lair:3   | Received a gift from Nemelex Xobeh
 15417 | Lair:3   | Received a gift from Nemelex Xobeh
 15886 | Lair:4   | Received a gift from Nemelex Xobeh
 15941 | Lair:4   | Reached XP level 14. HP: 76/76 MP: 22/22
 16037 | Lair:4   | Reached skill level 10 in Fighting
 16138 | Lair:4   | Reached skill level 5 in Dodging
 16186 | Lair:4   | Noticed Lovepenguin's ghost (journeyman DsFi)
 16198 | Lair:4   | Identified the ring of Lust {rElec rPois AC+4 Str+3}
 16255 | Lair:4   | Received a gift from Nemelex Xobeh
 16542 | Lair:4   | Found a transporter.
 16555 | Lair:4   | Found a transporter.
 16560 | Lair:4   | Found a bloodstained altar of Trog.
 16708 | Lair:5   | Entered Level 5 of the Lair of Beasts
 16729 | Lair:4   | Reached skill level 5 in Armour
 16764 | Lair:5   | Noticed Kirke
 17033 | Lair:5   | Killed Kirke
 17135 | Lair:5   | Received a gift from Nemelex Xobeh
 17171 | Lair:5   | Found a runed translucent door.
 17176 | Lair:5   | Found a runed translucent door.
 17337 | Lair:5   | Found a viscous altar of Jiyva.
 17337 | Lair:5   | Found a staircase to the Slime Pits.
 17885 | Lair:5   | Reached XP level 15. HP: 67/83 MP: 20/23
 17967 | Lair:5   | Received a gift from Nemelex Xobeh
 18356 | Lair:5   | Identified the ring "Jiuqoq" {rPois rC+}
 18359 | Lair:5   | Identified the +5 chain mail of Wiuqeos {rElec rCorr}
 18819 | Lair:2   | Identified the -1 pair of gloves of the Constellations {rF+
                  | rN+ rCorr}
 19079 | D:11     | Reached skill level 11 in Invocations
 19084 | D:12     | Noticed Nergalle
 19088 | D:12     | Killed Nergalle
 19249 | D:12     | Noticed Josephine
 19250 | D:12     | Received a gift from Nemelex Xobeh
 19250 | D:12     | You are sucked into a shaft and drop 1 floor!
 19643 | D:12     | Killed Josephine
 19792 | D:12     | Reached skill level 12 in Invocations
 21238 | D:13     | Found a gate to the Vaults.
 21502 | Orc:1    | Entered Level 1 of the Orcish Mines
 21515 | Orc:1    | Received a gift from Nemelex Xobeh
 21742 | Orc:2    | Entered Level 2 of the Orcish Mines
 21742 | Orc:2    | Found a staircase to the Elven Halls.
 21857 | Orc:2    | Reached ****** piety under Nemelex Xobeh
 21897 | Orc:2    | Found a roughly hewn altar of Beogh.
 22059 | Orc:1    | Received a gift from Nemelex Xobeh
 22324 | Orc:2    | Reached XP level 16. HP: 78/85 MP: 26/26
 22385 | Orc:2    | Found a roughly hewn altar of Beogh.
 22511 | Orc:2    | Received a gift from Nemelex Xobeh
 22724 | Orc:2    | Found Usuf's Assorted Antiques.
 22724 | Orc:2    | Found Sasset's Antique Armour Emporium.
 22725 | Orc:2    | Found Qaahoist's General Store.
 22732 | Orc:2    | Found Ekoycon's Armour Shoppe.
 23068 | Orc:1    | Received a gift from Nemelex Xobeh
 23251 | Orc:1    | Identified the +7 flail "Nopa" {flame, ^Contam rC+ Int+4
                  | Stlth+}
 23304 | Orc:2    | Bought a bloodstained chain mail for 313 gold pieces
 23304 | Orc:2    | Identified the +2 chain mail "Izimumua" {rElec rN++ MP+9
                  | Int-3} (You bought it in a shop on level 2 of the Orcish
                  | Mines)
 23306 | Orc:2    | Bought a +1 pair of boots of flying for 165 gold pieces
 23398 | Orc:2    | Bought 2 potions of might for 128 gold pieces
 23747 | Orc:2    | Bought a grey potion for 30 gold pieces
 23747 | Orc:2    | Bought a scroll labelled ODOINA GYADI for 34 gold pieces
 24601 | D:14     | Received a gift from Nemelex Xobeh
 24738 | D:15     | Entered Level 15 of the Dungeon
 24755 | D:15     | Found a shimmering altar of Xom.
 24756 | D:15     | Found a shimmering altar of Xom.
 24757 | D:15     | Found a shimmering altar of Xom.
 24758 | D:15     | Found a shimmering altar of Xom.
 24758 | D:15     | Found a shimmering altar of Xom.
 24758 | D:15     | Found a shimmering altar of Xom.
 24758 | D:15     | Found a shimmering altar of Xom.
 24760 | D:15     | Found a shimmering altar of Xom.
 24915 | D:15     | Noticed Louise
 24945 | D:15     | Killed Louise
 25118 | D:15     | Received a gift from Nemelex Xobeh
 25165 | D:15     | Reached skill level 5 in Evocations
 25286 | D:15     | Found a staircase to the Depths.
 25415 | D:15     | Found Kixicout's Assorted Antiques.
 25645 | D:15     | Bought a cloak for 144 gold pieces
 25787 | D:9      | Bought a scroll of fear for 124 gold pieces
 25897 | Snake:1  | Entered Level 1 of the Snake Pit
 25904 | Snake:1  | Found Cuclosil's Commerce Corner.
 26011 | Snake:1  | Received a gift from Nemelex Xobeh
 26059 | Snake:1  | Identified the serpent talisman of Ruhooppofol {Will-
                  | Int+4}
 26059 | Snake:1  | Noticed Aizul
 26067 | Snake:1  | Identified the +2 long sword of the Summoning Gods {freeze,
                  | Int+3}
 26077 | Snake:1  | Killed Aizul
 26278 | Snake:1  | Reached XP level 17. HP: 86/93 MP: 24/27
 26329 | Snake:1  | Received a gift from Nemelex Xobeh
 26438 | Snake:1  | Noticed Mlioglotl
 26453 | Snake:1  | Killed Mlioglotl
 26763 | Snake:2  | Found Vatz's Distillery.
 26824 | Snake:2  | Bought a potion of invisibility for 144 gold pieces
 27107 | Snake:2  | Noticed Jorgrun
 27115 | Snake:2  | Killed Jorgrun
 27232 | Snake:2  | Received a gift from Nemelex Xobeh
 27504 | Snake:2  | Reached skill level 10 in Armour
 28553 | Snake:3  | Reached skill level 10 in Dodging
 28640 | Snake:3  | Received a gift from Nemelex Xobeh
 29176 | Snake:3  | Received a gift from Nemelex Xobeh
 29485 | Snake:4  | Entered Level 4 of the Snake Pit
 29790 | Snake:4  | Reached XP level 18. HP: 74/101 MP: 9/28
 30101 | Elf:1    | Entered Level 1 of the Elven Halls
 30145 | Elf:1    | Found a radiant altar of Vehumet.
 30340 | Elf:1    | Reached skill level 13 in Invocations
 31094 | Elf:2    | Reached skill level 14 in Invocations
 31231 | Elf:2    | Found a runed translucent gate.
 31231 | Elf:2    | Found a runed translucent gate.
 31232 | Elf:2    | Found a runed translucent gate.
 31329 | Elf:2    | Received a gift from Nemelex Xobeh
 31344 | Elf:2    | Reached skill level 10 in Stealth
 31769 | Elf:3    | Entered Level 3 of the Elven Halls
 32068 | Elf:3    | Noticed Saint Roka
 32084 | Elf:3    | Killed Saint Roka
 32219 | Elf:3    | Received a gift from Nemelex Xobeh
 32244 | Elf:3    | Reached skill level 15 in Fighting
 32385 | Elf:3    | Got the Tempter's Spellbook of Forbidden Fruit
 32423 | Elf:3    | Found a portal to a secret trove of treasure.
 32576 | Elf:3    | Noticed a Brimstone Fiend
 32609 | Elf:2    | Noticed a Brimstone Fiend
 33023 | Elf:3    | Identified the +7 quarterstaff of Ambiguity {freeze, rCorr
                  | Int-3 Dex+3}
 33046 | Elf:3    | Noticed a deep elf master archer
 33068 | Elf:3    | Killed a deep elf master archer
 33069 | Elf:3    | Reached XP level 19. HP: 70/108 MP: 31/31
 33241 | Elf:3    | Identified the +6 war axe "Hyloxic" {drain, rN+}
 33255 | Elf:3    | Reached skill level 15 in Invocations
 33380 | Elf:3    | Identified the +8 trident of Miusan {heavy, Stlth+}
 34173 | Elf:3    | Identified the staff of Bodily Harmony {rC+ rCorr Str+2
                  | Int+4 Stlth- Ice}
 34546 | Elf:3    | Reached skill level 16 in Invocations
 34589 | Elf:3    | Got Sif Muna's Incunable of Peregrination and Cohobation
 34702 | Elf:3    | Identified the staff of Esaniasiant {rElec Will+ Str+6 Air}
 35779 | Snake:4  | Found Eschicecw's Jewellery Boutique.
 35789 | Snake:4  | Bought an amulet of faith for 840 gold pieces
 36593 | Snake:4  | Got a serpentine rune of Zot
 36808 | Swamp:1  | Entered Level 1 of the Swamp
 36835 | Swamp:1  | Identified the +0 chain mail of Liberty {^Contam rC++ rN+++
                  | Str-3}
 36874 | Swamp:1  | Received a gift from Nemelex Xobeh
 37602 | Swamp:2  | Received a gift from Nemelex Xobeh
 37773 | Swamp:2  | Reached XP level 20. HP: 114/114 MP: 33/33
 37986 | Swamp:3  | Received a gift from Nemelex Xobeh
 38488 | Swamp:4  | Entered Level 4 of the Swamp
 38698 | Swamp:4  | Received a gift from Nemelex Xobeh
 38862 | Swamp:4  | Identified the granite talisman "Miahayce" {rC+ Dex+2 SInv}
 38862 | Swamp:4  | Noticed Roxanne
 38880 | Swamp:4  | Learned a level 1 spell: Apportation
 39107 | Swamp:4  | Found a large runed translucent door.
 39108 | Swamp:4  | Found a large runed translucent door.
 39115 | Swamp:4  | Noticed Gimbap's ghost (adept DrSh)
 39122 | Swamp:4  | Received a gift from Nemelex Xobeh
 39168 | Swamp:4  | Killed Gimbap's ghost
 39745 | Swamp:4  | Got a decaying rune of Zot
 40126 | Vaults:1 | Entered Level 1 of the Vaults
 40668 | Vaults:1 | Received a gift from Nemelex Xobeh
 41183 | Vaults:1 | Reached skill level 15 in Dodging
 41432 | Vaults:1 | Reached XP level 21. HP: 50/119 MP: 20/34
 41912 | Vaults:1 | Identified the +4 arbalest of the Bashing Enemy {flame, Fly
                  | Will+ Int+3 Dex+2}
 42340 | Vaults:2 | Received a gift from Nemelex Xobeh
 42884 | Vaults:2 | Identified the ring "Ishruywn" {rF++ Str+3 SInv}
 43102 | Vaults:2 | Identified the +1 chain mail of the Great Game {Slay+4}
 43114 | Vaults:2 | Received a gift from Nemelex Xobeh
 43123 | Vaults:2 | Found a runed translucent gate.
 43123 | Vaults:2 | Found a runed translucent gate.
 43123 | Vaults:2 | Noticed Pawaof's ghost (veteran KoBe)
 43124 | Vaults:2 | Found a runed translucent gate.
 43187 | Vaults:2 | Killed Pawaof's ghost
 43594 | Vaults:3 | Received a gift from Nemelex Xobeh
 43740 | Vaults:3 | Found a staircase to the Crypt.
 43740 | Vaults:3 | Found a basalt altar of Yredelemnul.
 43741 | Vaults:3 | Found an ancient bone altar of Kikubaaqudgha.
 43772 | Vaults:3 | Reached skill level 10 in Shields
 44007 | Vaults:3 | Identified the -1 long sword of Symoriu {elec, Str+3}
 44124 | Vaults:3 | Found Atuett's Weapon Shop.
 44184 | Vaults:3 | Found Giblewnuk's Book Emporium.
 44476 | Vaults:3 | Found Susowea's Armour Shop.
 44579 | Vaults:3 | Found Ytyac's Magic Scroll Shoppe.
 44591 | Vaults:3 | Found Vaxt's General Store.
 44605 | Vaults:3 | Identified a scroll of acquirement
 44651 | Vaults:3 | Acquired the ring "Caocku" {rPois rC- Dex+5 Slay+5}
 44717 | Vaults:3 | Received a gift from Nemelex Xobeh
 45518 | Vaults:4 | Reached XP level 22. HP: 121/124 MP: 35/35
 45806 | Vaults:4 | Identified the +0 leather armour of Wrong Decisions {rN+
                  | rCorr Str+3}
 46035 | Vaults:4 | Received a gift from Nemelex Xobeh
 46222 | Vaults:4 | Identified the ring "Soabemudu" {rN+ Str+3}
 47029 | Depths:1 | Entered Level 1 of the Depths
 47083 | Depths:1 | Received a gift from Nemelex Xobeh
 47166 | Depths:1 | Identified the +2 robe of Card Tricks {rN+ Int+3 Dex-4}
 47166 | Depths:1 | Noticed Boris
 47186 | Depths:1 | Killed Boris
 47591 | Depths:1 | Found a gateway to Hell.
 47784 | Depths:1 | Reached skill level 15 in Shields
 48075 | Depths:1 | Received a gift from Nemelex Xobeh
 48192 | Depths:1 | Found a one-way gateway to a ziggurat.
 48542 | Depths:2 | Noticed a golden dragon
 48560 | Abyss:3  | Cast into level 3 of the Abyss (an occultist)
 48566 | Abyss:3  | Received a gift from Nemelex Xobeh
 48641 | Abyss:3  | Found a corrupted altar of Lugonu.
 48658 | Abyss:3  | Found a corrupted altar of Lugonu.
 48658 | Abyss:3  | Found a corrupted altar of Lugonu.
 48710 | Abyss:3  | Paralysed by accursed screaming for 1 turns
 48791 | Abyss:3  | Received a gift from Nemelex Xobeh
 48858 | Abyss:3  | Received a gift from Nemelex Xobeh
 48896 | Depths:2 | Escaped the Abyss
 48898 | Depths:2 | a golden dragon changed into an azure jelly
 48937 | Depths:2 | Reached XP level 23. HP: 75/128 MP: 34/36
 48945 | Depths:2 | Reached skill level 17 in Invocations
 49537 | Depths:2 | Found a one-way gate leading to the halls of Pandemonium.
 49721 | Depths:2 | Reached skill level 18 in Invocations
 50062 | Depths:2 | Received a gift from Nemelex Xobeh
 50116 | Depths:1 | Identified the +1 quarterstaff "Tuxoff" {freeze, +Blink
                  | rElec rN+ Will-}
 50221 | Depths:3 | Found a stormy altar of Qazlal.
 50425 | Depths:3 | Identified the +3 robe of the Vestibule of Hell {rN+ Str+3}
 50425 | Depths:3 | Noticed Boris
 50453 | Depths:3 | Killed Boris
 50587 | Depths:3 | Received a gift from Nemelex Xobeh
 50676 | Depths:3 | Found a one-way gate to the infinite horrors of the Abyss.
 51822 | Depths:4 | Entered Level 4 of the Depths
 51822 | Depths:4 | Noticed the Enchantress
 51893 | Depths:4 | Noticed a caustic shrike
 51893 | Depths:4 | Received a gift from Nemelex Xobeh
 51895 | Depths:4 | Noticed a caustic shrike
 51897 | Depths:4 | Noticed a caustic shrike
 51913 | Depths:3 | Killed a caustic shrike
 51934 | Depths:4 | Noticed a caustic shrike
 51934 | Depths:4 | Noticed a caustic shrike
 51954 | Depths:3 | Killed a caustic shrike
 52259 | Depths:4 | Killed a caustic shrike
 52354 | Depths:4 | Killed a caustic shrike
 52390 | Depths:4 | the Enchantress changed into the Enchantress the slime
                  | creature
 52390 | Depths:4 | Noticed the Enchantress
 52416 | Depths:4 | Killed the Enchantress the slime creature
 52428 | Depths:4 | Killed a caustic shrike
 52429 | Depths:4 | Reached XP level 24. HP: 111/137 MP: 33/37
 52577 | Depths:4 | Noticed a juggernaut
 52600 | Depths:4 | Killed a juggernaut
 52662 | Depths:4 | Found a gate to the Realm of Zot.
 52921 | Depths:4 | Received a gift from Nemelex Xobeh
 53645 | Orc:2    | Bought a scroll of fear for 136 gold pieces
 53645 | Orc:2    | Bought a scroll of silence for 323 gold pieces
 54013 | Crypt:1  | Entered Level 1 of the Crypt
 54089 | Crypt:1  | Received a gift from Nemelex Xobeh
 54390 | Crypt:1  | Found a runed translucent gate.
 54390 | Crypt:1  | Found a runed translucent gate.
 54390 | Crypt:1  | Found a runed translucent gate.
 54390 | Crypt:1  | Noticed Fainec's ghost (veteran GrEE)
 54487 | Crypt:1  | Reached skill level 15 in Armour
 54757 | Crypt:2  | Received a gift from Nemelex Xobeh
 55243 | Crypt:2  | Received a gift from Nemelex Xobeh
 55498 | Crypt:3  | Entered Level 3 of the Crypt
 55776 | Crypt:3  | Found a staircase to the Tomb.
 55835 | Crypt:3  | Found a basalt altar of Yredelemnul.
 55836 | Crypt:3  | Noticed an ancient lich
 55854 | Crypt:3  | Killed an ancient lich
 55878 | Crypt:3  | Got an ivory gem with 27 turns to spare
 55904 | Crypt:3  | Identified the ring "Teliegol" {Ice rElec Dex+2}
 55904 | Crypt:3  | Lost the ivory gem through the power of Zot.
 55910 | Crypt:3  | Got the Octavo of the Crypt
 56045 | Crypt:3  | Received a gift from Nemelex Xobeh
 56770 | Crypt:3  | Reached XP level 25. HP: 142/142 MP: 37/37
 57378 | Lair:4   | Killed Lovepenguin's ghost
 57477 | Slime:1  | Entered Level 1 of the Pits of Slime
 57606 | Slime:2  | Received a gift from Nemelex Xobeh
 57628 | Slime:3  | Noticed Dissolution
 57635 | Slime:3  | Killed Dissolution
 57636 | Slime:3  | Reached skill level 5 in Throwing
 57681 | Slime:5  | Entered Level 5 of the Pits of Slime
 57714 | Slime:5  | Gained mutation: You are resistant to electric shocks.
                  | (rElec) [a shining eye]
 57777 | Slime:5  | Reached skill level 19 in Invocations
 57789 | Slime:5  | Upgraded the game from 0.32-a0-384-gdd28848 to
                  | 0.32-a0-391-gce5c0aa
 57989 | Slime:5  | Noticed the Royal Jelly
 57993 | Slime:5  | Identified the -1 trident of Ittogiutz {distort, rN+ rCorr}
 58008 | Slime:5  | Killed the Royal Jelly
 58098 | Slime:5  | Identified the +1 mace of Causality {holy, rN+}
 58099 | Slime:5  | Identified the +8 rapier of the Undead {pain, ^Drain Will+
                  | Str+3}
 58101 | Slime:5  | Identified the +0 chain mail of Pan-Flutes {Fly Slay+2}
                  | (You found it on level 5 of the Pits of Slime)
 58102 | Slime:5  | Got a slimy rune of Zot
 58102 | Slime:5  | Got a starry gem with 93 turns to spare
 58105 | Slime:5  | Found the ring of the Mage {Wiz Archmagi}
 58111 | Slime:5  | Identified the amulet of Reimbursement {Faith Rampage
                  | Regen+}
 58145 | Slime:5  | Identified the +0 helmet "Zuowai" {Int+2 Dex+2} (You found
                  | it on level 5 of the Pits of Slime)
 58194 | Slime:5  | Lost the starry gem through the power of Zot.
 58472 | Snake:2  | Bought a potion of magic for 144 gold pieces
 58472 | Snake:2  | Bought a potion of berserk rage for 90 gold pieces
 58624 | D:9      | Bought a scroll of blinking for 232 gold pieces
 58760 | D:15     | Bought a scroll of blinking for 240 gold pieces
 58868 | Depths:3 | Voluntarily entered the Abyss.
 58883 | Abyss:3  | Received a gift from Nemelex Xobeh
 58904 | Abyss:3  | Reached skill level 20 in Invocations
 58907 | Abyss:3  | Found a corrupted altar of Lugonu.
 58971 | Abyss:3  | Received a gift from Nemelex Xobeh
 59010 | Abyss:3  | Found a corrupted altar of Lugonu.
 59075 | Depths:3 | Escaped the Abyss
 59077 | Depths:3 | Voluntarily entered the Abyss.
 59082 | Abyss:3  | Found a corrupted altar of Lugonu.
 59106 | Abyss:3  | Received a gift from Nemelex Xobeh
 59217 | Abyss:4  | Paralysed by accursed screaming for 1 turns
 59291 | Abyss:4  | Received a gift from Nemelex Xobeh
 59341 | Abyss:4  | Found a corrupted altar of Lugonu.
 59453 | Abyss:4  | Found a blossoming altar of Fedhas.
 59631 | Abyss:4  | Got an abyssal rune of Zot
 59741 | Depths:3 | Escaped the Abyss
 60125 | Vaults:3 | Bought a manual of Dodging for 1440 gold pieces
 60195 | Vaults:3 | Bought a scroll of fear for 68 gold pieces
 60208 | Vaults:3 | Bought a potion of invisibility for 152 gold pieces
 60208 | Vaults:3 | Bought a scroll of fear for 76 gold pieces
 60295 | Vaults:5 | Entered Level 5 of the Vaults
 60498 | Vaults:5 | Reached XP level 26. HP: 151/151 MP: 38/38
 60874 | Vaults:5 | Reached skill level 21 in Invocations
 61103 | Vaults:5 | Noticed a dread lich
 61112 | Vaults:5 | Paralysed by a dread lich for 3 turns
 61125 | Vaults:5 | Killed a dread lich
 61206 | Vaults:5 | Reached skill level 22 in Invocations
 61433 | Vaults:5 | Identified the +8 chain mail of the Game of Kings {Str+4}
 61462 | Vaults:5 | Received a gift from Nemelex Xobeh
 61500 | Vaults:5 | Got a silver rune of Zot
 61660 | Vaults:5 | Noticed a dread lich
 61673 | Vaults:5 | Killed a dread lich
 61714 | Vaults:5 | Identified the ring "Batim" {rC- AC+4 Int+3 Stlth+}
 61777 | Vaults:5 | Identified the amulet "Bisach" {Acrobat rN+ Stlth+}
 61805 | Vaults:5 | Identified the +8 arbalest "Jiomefab" {penet, Fly}
 61816 | Vaults:5 | Identified the +5 ring mail "Teisicem" {rElec rPois rC++
                  | Slay-4}
 61973 | Vaults:5 | Got the Volume of the Ill-omened Volcano
 62760 | Zig:1    | Entered Level 1 of a ziggurat
 62760 | Zig:1    | Received a gift from Nemelex Xobeh
 62775 | Zig:2    | Entered Level 2 of a ziggurat
 62794 | Zig:3    | Entered Level 3 of a ziggurat
 62819 | Zig:3    | Reached skill level 23 in Invocations
 62819 | Zig:3    | Reached XP level 27. HP: 156/156 MP: 39/39
 62822 | Zig:4    | Entered Level 4 of a ziggurat
 62823 | Zig:4    | Found the +9 sword of Power {lifebolt}
 62873 | Zig:5    | Entered Level 5 of a ziggurat
 62912 | Zig:5    | Identified the ring "Ikusy" {Wiz rPois rC+ Will+ Slay+3}
 62924 | Zig:6    | Entered Level 6 of a ziggurat
 63003 | Zig:6    | Identified the +4 morningstar of Disarray {vamp, rN+ Dex+3}
 63171 | Zot:1    | Entered Level 1 of the Realm of Zot
 63233 | Zot:1    | Received a gift from Nemelex Xobeh
 63316 | Zot:1    | Received a gift from Nemelex Xobeh
 63409 | Zot:1    | Reached skill level 24 in Invocations
 63928 | Zot:1    | Received a gift from Nemelex Xobeh
 64240 | Zot:2    | Noticed Grunn
 64244 | Zot:2    | Killed Grunn
 64383 | Zot:2    | Reached skill level 25 in Invocations
 64722 | Zot:2    | Identified the +1 plate armour "Wohub" {+Blink rF+++ Str+4
                  | Dex-3}
 64731 | Zot:2    | Identified the +1 trident of Intuition {vamp, rF++ rCorr
                  | Dex-4 SInv}
 64746 | Zot:2    | Received a gift from Nemelex Xobeh
 65459 | Zot:3    | Reached skill level 26 in Invocations
 65698 | Zot:3    | Identified the amulet of Besa {Faith +Blink rElec Str+3}
 65781 | Zot:3    | Received a gift from Nemelex Xobeh
 65965 | Zot:4    | Acquired a scarf of repulsion
 66173 | Zot:4    | Received a gift from Nemelex Xobeh
 66498 | Zot:4    | Received a gift from Nemelex Xobeh
 66585 | Zot:5    | Entered Level 5 of the Realm of Zot
 66585 | Zot:5    | Found a transporter.
 66586 | Zot:5    | Found a transporter.
 66590 | Zot:5    | Found a transporter.
 66592 | Zot:5    | Found a transporter.
 66679 | Zot:5    | Found a transporter.
 66681 | Zot:5    | Found a transporter.
 66772 | Zot:5    | Reached skill level 27 in Invocations
 66833 | Zot:5    | Received a gift from Nemelex Xobeh
 67208 | Zot:5    | Noticed an orb of fire
 67208 | Zot:5    | Noticed an orb of fire
 67208 | Zot:5    | Noticed an orb of fire
 67208 | Zot:5    | Noticed an orb of fire
 67208 | Zot:5    | Noticed an orb of fire
 67208 | Zot:5    | Noticed an orb of fire
 67211 | Zot:5    | Got the Orb of Zot
 67652 | D:7      | Noticed a seraph
 67686 | D:6      | Noticed Pigreinogi the pandemonium lord
 67811 | D:$      | Escaped with the Orb!

Illustrated notes

Levels and vault maps discovered:
D:1:      amcnicky_arrival_feature_with_door, layout_basic
D:2:      layout_basic, dreamdust_ecumenical_altar_statues
D:3:      layout_basic, nicolae_overflow_crystal_walls
D:4:      layout_loops_cross, mainiacjoe_overflow_brackets,
          trog_three_pillars_becter, nicolae_uskayaw_murder_on_the_dancefloor,
          okawaru_altar_gauntlet_db, uniq_sigmund, uniq_grinder
D:5:      layout_rooms, riverfiend_overflow_shadow_ancestor, serial_shops, shop
D:6:      layout_basic, nemelex_xobeh_ov_fountains_minmay,
          nicolae_wu_jian_glorious_leap, minmay_temple_entry_mini_moons,
          serial_shops, shop
D:7:      layout_loops_corners, led_sif_pool, gammafunk_temple_overflow_arena,
          nicolae_zig_zag_zippers
D:8:      layout_basic, makhleb_grotto_becter, due_lair_maze_entry_diamond,
          hangedman_abyss_or_decor_stagger, uniq_jeremiah
D:9:      layout_long_grid, amcnicky_altar_gilded, serial_shops, shop,
          uniq_pikel
D:10:     minmay_the_grid_triangle_9x9_recursive_2
          [minmay_the_grid_triangle_9x9_prize_top_heavy,
          minmay_the_grid_triangle_9x9_pentomino_pain,
          minmay_the_grid_triangle_9x9_steps,
          minmay_the_grid_triangle_9x9_thin_v], layout_rooms, uniq_sonja
D:11:     layout_loops_cross, hiddenorc1_lemuel
D:12:     layout_basic, uniq_nergalle, uniq_josephine
D:13:     layout_loops_ring, grunt_vaults_entry_fortified,
          minmay_fire_ice_demons
D:14:     layout_roguey
D:15:     hangedman_depths_entry_civil_slaughter, layout_basic,
          serial_corexii_hall, corexii_hall_statues_x, corexii_hall_statues_l,
          xom_shifter_show, serial_shops, nicolae_shop_hallway_plus, uniq_louise
Lair:1:   wander_river, layout_gridlike, wad_woods_river_01
Lair:2:   gammafunk_worm_tunnel, layout_cave_pods,
          alex1729_swamp_entry_worm_eleionoma, guppyfry_snake_entry_island,
          grunt_megastairs_1, serial_bayou_shore_b, infiniplex_staircase_pool_2
Lair:3:   layout_chaotic_city, serial_bayou_shore_a, lemuel_fruit_tree
Lair:4:   layout_loops_ring, gammafunk_ghost_wrathful_warriors
Lair:5:   evilmike_catoblepas_cave, layout_misc_corridors,
          dpeg_slime_entry_corner, grunt_megastairs_5, lemuel_fruit_fields,
          uniq_kirke
Swamp:1:  layout_basic_swamp, evilmike_swamp_ruin_house_6, swamp_pool_1_2
Swamp:2:  layout_basic_swamp, evilmike_swamp_ruin_house_5,
          nicolae_swamp_long_stream
Swamp:3:  layout_basic_swamp, evilmike_swamp_ruin_rubble_1
Swamp:4:  nzn_swamp_witches_coven, layout_basic_swamp,
          ebering_ghost_disaster_area, uniq_roxanne
Snake:1:  layout_onion, nicolae_alphabet_shops, grunt_ministairs_15,
          serial_bayou_shore_b, uniq_aizul, uniq_mlioglotl
Snake:2:  layout_cave_town, serial_shops, nicolae_shop_gibbet_a_chance,
          uniq_jorgrun
Snake:3:  layout_layer_cave, nicolae_snake_serpentine_hallways
Snake:4:  grunt_snake_rune_pools, layout_rooms, serial_shops, shop,
          minmay_snake_pond
Slime:1:  layout_caves
Slime:2:  layout_caves, nicolae_slime_phagocytosis
Slime:3:  nicolae_slime_jelly_donut, layout_caves, uniq_dissolution
Slime:4:  layout_caves
Slime:5:  slime_pit_nicolae_royal_road_to_ruin
Orc:1:    lemuel_ogre_cave, layout_diamond_mine
Orc:2:    st_orc_mages, layout_caves, basic_altar, nicolae_orc_lost_temple
Elf:1:    eino_elf_arrival_altar, layout_geoelf_grid, minivault_28
Elf:2:    elven_hall_of_blades_hangedman_original [grunt_blade_entry_basic],
          layout_gridlike
Elf:3:    minmay_elf_hall_quartered_circle, layout_geoelf_octagon,
          enter_trove_1, serial_library_hellmonk_recessed_alcove, pf_eden,
          uniq_saint_roka
Vaults:1: v_misc_3, nicolae_vaults_spaceships, hangedman_vaults_unwind,
          vaults_dpeg_cross, ontoclasm_vaults_chip, vaults_dpeg_encased_lava,
          v_misc_16, v_misc_28, hangedman_vaults_locks,
          nicolae_vaults_shock_wave, vaults_dpeg_emergency_exit,
          nicolae_vaults_trapezoid_2, layout_vaults_ring
Vaults:2: ebering_ghost_rock_garden, grunt_vaults_twisty, v_misc_24,
          nicolae_vaults_ninety_degrees, v_misc_16,
          nicolae_vaults_closet_pinwheel_4, nicolae_vaults_trapezoid_lopsided_4,
          grunt_vaults_swirl, vaults_mumra_hex, v_misc_12, grunt_vaults_focal,
          nicolae_vaults_two_Ls, nicolae_vaults_trapezoid_layered,
          nicolae_vaults_tetromino_L_2, layout_vaults_big_cross
Vaults:3: minmay_crypt_entry_necro_gods, nicolae_vaults_network_star,
          nicolae_vaults_cochlea, nicolae_vaults_wine_cellar,
          nicolae_vaults_network_barrier, nicolae_vaults_mini_display_case,
          nicolae_vaults_double_plus_3, layout_vaults_omnigrid, serial_shops,
          shop, nicolae_shop_behind_doors, nicolae_shop_back_alley_shop,
          nicolae_shop_behind_doors, nicolae_shop_just_a_little_nook
Vaults:4: nicolae_vaults_double_plus_2, ontoclasm_vaults_spin,
          nicolae_vaults_surprise_closet_hard, nicolae_vaults_what_the_h,
          nicolae_vaults_diagonal_hallway_7, v_misc_30, nicolae_vaults_alarming,
          vaults_mumra_lcd, nicolae_vaults_storage_closets_2,
          nicolae_vaults_house_2, vaults_room_octagon,
          nicolae_vaults_little_squares_1, layout_vaults_omnibox
Vaults:5
Crypt:1:  layout_misc_corridors, ebering_ghost_rock_garden,
          grunt_crypt_arrival_split
Crypt:2:  layout_chaotic_city, uniq_josephina
Crypt:3:  cryptofortress_bobbens
Depths:1: dreamdust_cat_pyramid, layout_gridlike, enter_ziggurat_a,
          serial_library_regret_index_double_sided, hell_entry,
          minmay_misc_feat_nine_boxes, dk_noncrumbling_2,
          nicolae_figureground_pulse, firewood_loft, uniq_boris
Depths:2: hangedman_cross_cluster, layout_gridlike, hell_entry, pan_entry,
          infiniplex_staircase_zigzag_1
Depths:3: dreamdust_isle_of_ice, layout_gridlike, grunt_hell_entry_dis_grunt,
          nicolae_qazlal_eye_of_the_storm, abyss_entry,
          infiniplex_staircase_squiggle
Depths:4: grunt_crosshair, layout_gridlike, minmay_misc_feat_rows,
          grunt_hell_horde, uniq_enchantress
Zot:1:    layout_gridlike
Zot:2:    lemuel_draconian_sentries, layout_gridlike, uniq_grunn
Zot:3:    layout_misc_corridors, skrybe_zot_glass_1
Zot:4:    layout_misc_corridors
Zot:5:    layout_twisted_circle, serial_nicolae_subway,
          nicolae_sub_station_crystal, nicolae_sub_station_stone,
          nicolae_sub_station_metal

Skill      XL: |  1  2  3  4  5  6  7  8  9 10 11 12 13 14 15 16 17 18 19 20 21 22 23 24 25 26 27 |
---------------+----------------------------------------------------------------------------------+-----
Throwing       | 1 2 4 6 |  6.0
Stealth        | 1 2 4 6 8 10 12 | 12.0
Long Blades    | 2 3 4 5 6 8 10 13 14 | 14.0
Fighting       | 2 4 8 9 11 12 13 15 16 18 19 20 | 20.0
Armour         | 1 2 3 6 9 10 11 12 16 | 16.0
Dodging        | 2 4 6 9 10 15 16 17 | 17.9
Shields        | 2 3 5 6 12 16 | 16.0
Spellcasting   | 3 4 |  4.0
Translocations | 4 6 8 |  8.0
Evocations     | 2 4 7 8 |  8.0
Invocations    | 1 6 10 12 14 16 18 20 23 27 | 27.0

Action                     |  1- 3 |  4- 6 |  7- 9 | 10-12 | 13-15 | 16-18 | 19-21 | 22-24 | 25-27 || total
---------------------------+-------+-------+-------+-------+-------+-------+-------+-------+-------++-------
  Melee: Falchion          |    46 |       |       |       |       |       |       |       |       ||    46
         Bite              |    12 |    22 |    40 |   147 |   413 |   531 |   933 |  1353 |  1423 ||  4874
         Long sword        |    14 |    91 |    95 |       |       |       |       |       |       ||   200
         Scimitar          |       |       |    73 |   418 |  1069 |  1266 |  1877 |  1571 |   251 ||  6525
         Demon blade       |       |       |       |       |       |       |       |   731 |  2088 ||  2819
  Throw: Dart              |       |     8 |    33 |    85 |    51 |       |       |     2 |       ||   179
         Stone             |       |     1 |    19 |    53 |   113 |    13 |       |       |       ||   199
         Boomerang         |       |       |       |     2 |       |    31 |    67 |    37 |    47 ||   184
         Throwing net      |       |       |       |       |       |       |       |     1 |       ||     1
   Cast: Blink             |       |     2 |       |       |     2 |       |       |     1 |     3 ||     8
         Lesser Beckoning  |       |       |       |       |       |       |    17 |     4 |     4 ||    25
         Apportation       |       |       |       |       |       |       |     1 |     7 |    55 ||    63
 Invoke: Draw Destruction  |       |       |       |    13 |    28 |    13 |     9 |    23 |     7 ||    93
         Draw Summoning    |       |       |       |     4 |     1 |     2 |     5 |     4 |       ||    16
         Deal Four         |       |       |       |       |     1 |    10 |     5 |     3 |     9 ||    28
         Draw Escape       |       |       |       |       |     8 |       |       |       |       ||     8
         Stack Five        |       |       |       |       |       |     1 |       |       |       ||     1
         Draw Stack        |       |       |       |       |       |     1 |     2 |     1 |       ||     4
         Triple Draw       |       |       |       |       |       |       |       |     1 |       ||     1
  Evoke: Wand              |       |     1 |     6 |    15 |     3 |    12 |    12 |    10 |     1 ||    60
         Lightning rod     |       |       |       |     1 |       |     7 |       |     4 |     1 ||    13
    Use: Scroll            |       |     4 |     4 |     6 |     6 |    12 |     6 |    20 |    22 ||    80
         Potion            |       |       |       |     1 |       |       |       |     1 |    13 ||    15
   Stab: Sleeping          |     1 |     1 |     1 |     4 |     4 |     2 |     5 |    14 |    29 ||    61
         Distracted        |       |     1 |       |     2 |     2 |     3 |     4 |     7 |    12 ||    31
         Fleeing           |       |       |       |       |       |     1 |       |       |       ||     1
         Petrified         |       |       |       |       |       |       |     1 |       |       ||     1
         Held in net/web   |       |       |       |       |       |       |       |     1 |       ||     1
         Invisible         |       |       |       |       |       |       |       |       |     8 ||     8
 Armour: Leather armour    |    27 |    84 |   111 |    76 |       |       |       |       |       ||   298
         Ring mail         |       |       |       |   110 |   263 |       |       |       |       ||   373
         Robe              |       |       |       |       |     2 |       |       |       |       ||     2
         Chain mail        |       |       |       |       |   374 |   799 |  1101 |   220 |       ||  2494
         Ice dragon scales |       |       |       |       |       |       |       |   725 |   972 ||  1697
  Dodge: Dodged            |    29 |    70 |    85 |   125 |   420 |   518 |   824 |   908 |  1070 ||  4049
         Repelled          |       |       |       |       |       |       |       |       |     2 ||     2
  Block: Buckler           |       |       |    16 |    84 |   256 |   352 |   515 |       |       ||  1223
         Kite shield       |       |       |       |       |       |       |     9 |  1500 |  1542 ||  3051

Table legend: (Time is in decaauts)
 A = Elapsed time spent in this place.
 B = Non-inter-level travel time spent in this place.
 C = Inter-level travel time spent in this place.
 D = Time resting spent in this place.
 E = Time spent auto-exploring this place.
 F = Levels seen in this place.
 G = Mean time per level.
                   A        B        C        D        E       F      G
               +--------+--------+--------+--------+--------+-----+--------+
         Total |  65399 |  56116 |   9283 |   5228 |  32012 |  65 | 1006.1 |
       Dungeon |  19382 |  15433 |   3949 |   1165 |   9373 |  15 | 1292.1 |
          Lair |   6662 |   5499 |   1163 |    518 |   3348 |   5 | 1332.4 |
         Swamp |   2984 |   2819 |    165 |    256 |   1836 |   4 |  746.0 |
     Snake Pit |   5725 |   5255 |    470 |    963 |   2909 |   4 | 1431.2 |
    Slime Pits |    748 |    666 |     82 |     35 |      0 |   5 |  149.6 |
  Orcish Mines |   2054 |   1643 |    411 |     36 |   1035 |   2 | 1027.0 |
   Elven Halls |   4619 |   4442 |    177 |   1251 |   1746 |   3 | 1539.7 |
        Vaults |   8920 |   7537 |   1383 |    310 |   4526 |   5 | 1784.0 |
         Crypt |   2790 |   2658 |    132 |     65 |   1760 |   3 |  930.0 |
        Depths |   6325 |   5334 |    991 |    430 |   3075 |   4 | 1581.2 |
           Zot |   3884 |   3527 |    357 |    195 |   2320 |   5 |  776.8 |
         Abyss |   1068 |   1068 |      0 |      0 |      0 |   4 |  267.0 |
      Ziggurat |    233 |    233 |      0 |      0 |     83 |   6 |   38.8 |
               +--------+--------+--------+--------+--------+-----+--------+

Top non-repeatable levels by time:
   Elf:3: 2829 daAuts
Vaults:1: 2305 daAuts
 Snake:3: 2250 daAuts
     D:8: 2095 daAuts
    D:13: 2014 daAuts
Vaults:3: 1962 daAuts
Depths:3: 1932 daAuts
  Lair:2: 1833 daAuts
Vaults:2: 1695 daAuts
Vaults:5: 1640 daAuts
     D:9: 1576 daAuts
     D:7: 1573 daAuts
    D:11: 1565 daAuts
Depths:2: 1557 daAuts
  Lair:5: 1543 daAuts
